[Event "FIDE CB Open 2022"]
[Site "Ceske Budejovice"]
[Date "2022.07.01"]
[Round "1.47"]
[White "Sudrich, Radek"]
[Black "Svejda, Karel"]
[Result "1-0"]
[ECO "E85"]
[WhiteElo "2049"]
[BlackElo "1619"]
[Annotator "NA RC"]
[PlyCount "65"]
[EventDate "2022.07.01"]
[EventType "swiss"]
[EventCountry "CZE"]
[SourceTitle "playchess.com"]
[Source "ChessBase"]
[SourceQuality "1"]
[TimeControl "40/5400+30:1800+30"]

1. d4 Nf6 2. c4 g6 3. Nc3 Bg7 4. e4 d6 5. f3 O-O 6. Be3 e5 7. dxe5 dxe5 8. Qxd8 Rxd8 9. Nd5 Nxd5 10. cxd5 c6 11. Bc4 cxd5 12. Bxd5 Nc6 13. O-O-O Bd7 14. Bg5 Rdc8 15. Bxf7+ Kxf7 16. Rxd7+ Kf8 17. Kb1 Nd4 18. Nh3 b6 19. Rc1 h6 20. Rxc8+ Rxc8 21. Be3 Nc6 22. Nf2 Rd8 23. Rc7 Rd6 24. a3 h5 25. b4 Bf6 26. b5 Nd4 27. a4 Ne2 28. Rxa7 Bd8 29. Kc2 Ke8 30. Nd3 Bf6 31. Rb7 Nd4+ 32. Bxd4 Rxd4 33. Rxb6 1-0

[Event "FIDE CB Open 2022"]
[Site "Ceske Budejovice"]
[Date "2022.07.03"]
[Round "1.48"]
[White "Almaini, Aishah Sarhan"]
[Black "Puncochar, Jiri"]
[Result "0-1"]
[ECO "E38"]
[WhiteElo "1615"]
[BlackElo "2020"]
[Annotator "NA RC"]
[PlyCount "53"]
[EventDate "2022.07.01"]
[EventType "swiss"]
[EventCountry "CZE"]
[SourceTitle "playchess.com"]
[Source "ChessBase"]
[SourceQuality "1"]
[TimeControl "40/5400+30:1800+30"]

1. d4 Nf6 2. c4 e6 3. Nc3 Bb4 4. e3 O-O 5. Nf3 d5 6. Qc2 Nbd7 7. Bd3 c5 8. a3 Bxc3+ 9. bxc3 dxc4 10. Bxc4 a6 11. a4 b6 12. e4 Bb7 13. e5 Nd5 14. Ng5 g6 15. Ne4 Qh4 16. Ng5 Nf4 17. g3 Qxg5 18. Bxf4 Qg4 19. Be2 Qh3 20. Rg1 cxd4 21. c4 Nc5 22. O-O-O Be4 23. Qb2 d3 24. Bf1 Qxh2 25. Qxb6 Qxf2 26. Qb1 Qxg1 27. Bxd3 0-1

[Event "FIDE CB Open 2022"]
[Site "Ceske Budejovice"]
[Date "2022.07.01"]
[Round "1.49"]
[White "Hurtik, Matej"]
[Black "Jodas, Daniel"]
[Result "1-0"]
[ECO "B21"]
[WhiteElo "2018"]
[BlackElo "1614"]
[Annotator "NA RC"]
[PlyCount "51"]
[EventDate "2022.07.01"]
[EventType "swiss"]
[EventCountry "CZE"]
[SourceTitle "playchess.com"]
[Source "ChessBase"]
[SourceQuality "1"]
[TimeControl "40/5400+30:1800+30"]

1. e4 c5 2. d4 cxd4 3. Nf3 e5 4. Bc4 Nf6 5. O-O d6 6. Ng5 Be6 7. Nxe6 fxe6 8. Bxe6 Nbd7 9. c3 Nc5 10. Bc4 dxc3 11. Nxc3 a6 12. Bg5 Rc8 13. Bxf6 Qxf6 14. Qg4 Kd8 15. Nd5 Qg6 16. Qh4+ Ke8 17. Qh3 Nd7 18. Rac1 Kd8 19. Qa3 Qxe4 20. Qa5+ Ke8 21. Nc7+ Ke7 22. Nd5+ Ke8 23. Bd3 Qxd3 24. Rxc8+ Kf7 25. Rc3 Qf5 26. Rf3 1-0

[Event "FIDE CB Open 2022"]
[Site "Ceske Budejovice"]
[Date "2022.07.01"]
[Round "1.50"]
[White "Simajchl, Adam"]
[Black "Radovic, Stefan"]
[Result "0-1"]
[ECO "D38"]
[WhiteElo "1610"]
[BlackElo "2018"]
[Annotator "NA RC"]
[PlyCount "48"]
[EventDate "2022.07.01"]
[EventType "swiss"]
[EventCountry "CZE"]
[SourceTitle "playchess.com"]
[Source "ChessBase"]
[SourceQuality "1"]
[TimeControl "40/5400+30:1800+30"]

1. d4 d5 2. c4 e6 3. Nc3 Bb4 4. Nf3 Nf6 5. Bg5 h6 6. Bh4 dxc4 7. Qa4+ Nc6 8. e3 g5 9. Bg3 Bd7 10. Rc1 a6 11. Ne5 Bxc3+ 12. Rxc3 Nxe5 13. Qc2 Nd3+ 14. Bxd3 cxd3 15. Qxd3 Bb5 16. Qc2 Nd5 17. Bxc7 Nxc7 18. Rxc7 Bc6 19. Rxc6 bxc6 20. Qxc6+ Kf8 21. O-O Kg7 22. Qe4 Qd5 23. Qb1 Rac8 24. a3 Rc6 0-1

[Event "FIDE CB Open 2022"]
[Site "Ceske Budejovice"]
[Date "2022.07.01"]
[Round "1.51"]
[White "Rosol, Alexander"]
[Black "Smola, David"]
[Result "1-0"]
[ECO "C56"]
[WhiteElo "2001"]
[BlackElo "1609"]
[Annotator "NA RC"]
[PlyCount "75"]
[EventDate "2022.07.01"]
[EventType "swiss"]
[EventCountry "CZE"]
[SourceTitle "playchess.com"]
[Source "ChessBase"]
[SourceQuality "1"]
[TimeControl "40/5400+30:1800+30"]

1. e4 e5 2. Nf3 Nc6 3. d4 exd4 4. Bc4 Nf6 5. O-O d5 6. exd5 Nxd5 7. Nxd4 Ndb4 8. Qf3 Qf6 9. Re1+ Be7 10. Qxf6 gxf6 11. Nxc6 Nxc6 12. Bf4 Nd4 13. Na3 Be6 14. Rad1 O-O-O 15. Bxe6+ Nxe6 16. Be3 Bxa3 17. bxa3 Rhe8 18. f3 b6 19. Kf2 c6 20. a4 Nc7 21. c4 Re5 22. Rxd8+ Kxd8 23. Rd1+ Kc8 24. Rd6 Re6 25. Rd4 Ne8 26. Rh4 Nd6 27. Rxh7 Nxc4 28. Bf4 Re7 29. Rh6 Re6 30. Rh8+ Kb7 31. h4 c5 32. h5 Ne5 33. Rd8 Kc7 34. Rf8 Kd7 35. h6 Ng6 36. h7 Re8 37. Rxe8 Kxe8 38. Bh6 1-0

[Event "FIDE CB Open 2022"]
[Site "Ceske Budejovice"]
[Date "2022.07.01"]
[Round "1.52"]
[White "Jilek, Marcel"]
[Black "Vilimek, Vit"]
[Result "0-1"]
[ECO "A52"]
[WhiteElo "1565"]
[BlackElo "1996"]
[Annotator "NA RC"]
[PlyCount "65"]
[EventDate "2022.07.01"]
[EventType "swiss"]
[EventCountry "CZE"]
[SourceTitle "playchess.com"]
[Source "ChessBase"]
[SourceQuality "1"]
[TimeControl "40/5400+30:1800+30"]

1. d4 Nf6 2. c4 e5 3. dxe5 Ng4 4. b3 Bc5 5. e3 Nxe5 6. Bb2 Qe7 7. Be2 O-O 8. Nf3 Nbc6 9. O-O a5 10. Nc3 d6 11. Qc2 Nxf3+ 12. Bxf3 Ne5 13. Be2 f5 14. Nd5 Qf7 15. f4 Nc6 16. Rf3 Kh8 17. Rg3 Rg8 18. Rg5 Nb4 19. Nxb4 Bxe3+ 20. Kh1 axb4 21. Bh5 Qd7 22. Qe2 Bxf4 23. Rg6 Qd8 24. Rf1 hxg6 25. Rxf4 Qg5 26. Bxg6 Rf8 27. Bf7 Bd7 28. h4 Qh6 29. Qe7 Rae8 30. Bxe8 Rxe8 31. Qxd7 Re1+ 32. Kh2 Qxf4+ 33. Kh3 0-1

[Event "FIDE CB Open 2022"]
[Site "Ceske Budejovice"]
[Date "2022.07.01"]
[Round "1.53"]
[White "Sadek, Vojtech"]
[Black "Kukacka, Ladislav"]
[Result "1-0"]
[ECO "B09"]
[WhiteElo "1973"]
[BlackElo "1555"]
[Annotator "NA RC"]
[PlyCount "55"]
[EventDate "2022.07.01"]
[EventType "swiss"]
[EventCountry "CZE"]
[SourceTitle "playchess.com"]
[Source "ChessBase"]
[SourceQuality "1"]
[TimeControl "40/5400+30:1800+30"]

1. e4 d6 2. d4 Nf6 3. Nc3 g6 4. f4 Bg7 5. Nf3 O-O 6. Bd3 b6 7. e5 dxe5 8. fxe5 Nfd7 9. Be4 c6 10. h4 f5 11. Bd3 h6 12. h5 Qe8 13. Bf4 Ba6 14. hxg6 Bxd3 15. Qxd3 Qxg6 16. O-O-O b5 17. Kb1 Na6 18. Qe3 Nb4 19. a3 Nxc2 20. Kxc2 Qxg2+ 21. Kb1 Nb6 22. Rdg1 Qxb2+ 23. Kxb2 Nc4+ 24. Ka2 Nxe3 25. Bxe3 a5 26. Bxh6 b4 27. Rxg7+ Kh8 28. Nh4 1-0

[Event "FIDE CB Open 2022"]
[Site "Ceske Budejovice"]
[Date "2022.07.01"]
[Round "1.54"]
[White "Krejci, Vera Marie"]
[Black "Hosnedl, Matyas"]
[Result "0-1"]
[ECO "C01"]
[WhiteElo "1554"]
[BlackElo "1967"]
[Annotator "NA RC"]
[PlyCount "82"]
[EventDate "2022.07.01"]
[EventType "swiss"]
[EventCountry "CZE"]
[SourceTitle "playchess.com"]
[Source "ChessBase"]
[SourceQuality "1"]
[TimeControl "40/5400+30:1800+30"]

1. e4 e6 2. d4 d5 3. Bd3 c5 4. dxc5 Bxc5 5. exd5 exd5 6. Qe2+ Be6 7. Nf3 Nf6 8. O-O O-O 9. Bg5 h6 10. Bh4 Nc6 11. a3 Bg4 12. Nbd2 Re8 13. Qd1 g5 14. Bg3 Ne4 15. Qc1 Nxg3 16. hxg3 Qd6 17. b4 Bb6 18. Qb2 Qxg3 19. Kh1 Bxf2 20. Rxf2 Qxf2 21. Rf1 Qe3 22. Qf6 Qe6 23. Qa1 Rad8 24. b5 Na5 25. Qd4 Bh5 26. Qxa7 b6 27. Qc7 Rc8 28. Qh2 Bg6 29. Re1 Qxe1+ 30. Nxe1 Rxe1+ 31. Bf1 Nc4 32. Qg3 Rce8 33. Nxc4 Rxf1+ 34. Kh2 dxc4 35. Qc7 Re6 36. Qxc4 Rf2 37. c3 Ree2 38. Qc8+ Kg7 39. Qc7 Rxg2+ 40. Kh1 Rg4 41. Qxb6 Be4# 0-1

[Event "FIDE CB Open 2022"]
[Site "Ceske Budejovice"]
[Date "2022.07.01"]
[Round "1.55"]
[White "Zauner, Christoph"]
[Black "Hladky, Mikulas"]
[Result "1-0"]
[ECO "A45"]
[WhiteElo "1963"]
[BlackElo "1549"]
[Annotator "NA RC"]
[PlyCount "43"]
[EventDate "2022.07.01"]
[EventType "swiss"]
[EventCountry "CZE"]
[SourceTitle "playchess.com"]
[Source "ChessBase"]
[SourceQuality "1"]
[TimeControl "40/5400+30:1800+30"]

1. d4 Nf6 2. Bf4 e6 3. Nd2 b6 4. e4 Bb7 5. Bd3 Be7 6. Nh3 O-O 7. c4 d5 8. e5 Ne4 9. Qc2 Nxd2 10. Bxh7+ Kh8 11. Bxd2 dxc4 12. Be4 Bxe4 13. Qxe4 Qd5 14. Qg4 Rd8 15. O-O-O Qxd4 16. Qh5+ Kg8 17. Ng5 Ba3 18. Qxf7+ Kh8 19. Qh5+ Kg8 20. Qh7+ Kf8 21. Qh8+ Ke7 22. Qxg7+ 1-0

[Event "FIDE CB Open 2022"]
[Site "Ceske Budejovice"]
[Date "2022.07.02"]
[Round "2.1"]
[White "Hofstadler, Mario"]
[Black "Roshka, Yevgeniy"]
[Result "0-1"]
[ECO "E90"]
[WhiteElo "2123"]
[BlackElo "2497"]
[Annotator "RC"]
[PlyCount "107"]
[EventDate "2022.07.01"]
[EventType "swiss"]
[EventCountry "CZE"]
[SourceTitle "playchess.com"]
[Source "ChessBase"]
[SourceQuality "1"]
[TimeControl "40/5400+30:1800+30"]

1. d4 Nf6 2. Nf3 c5 3. d5 e6 4. c4 d6 5. Nc3 g6 6. e4 Bg7 7. Bd3 O-O 8. O-O Na6 9. h3 Nc7 10. Re1 Re8 11. Bg5 h6 12. Bd2 exd5 13. exd5 b5 14. cxb5 Bb7 15. Bc4 Nd7 16. Rxe8+ Qxe8 17. Bf4 Bxc3 18. bxc3 Qe4 19. Bxd6 Qxc4 20. Bxc7 Bxd5 21. Qd2 Bxf3 22. gxf3 Qxb5 23. Rd1 Nf8 24. Qxh6 Qe2 25. Rd2 Qxf3 26. Be5 f6 27. Bd6 Re8 28. Kh2 Qf5 29. Bxf8 Rxf8 30. Qe3 Kf7 31. Re2 Kg7 32. Qe4 Qc8 33. Qf4 Rf7 34. Rb2 Qc6 35. Rb8 Re7 36. Qh4 Qc7+ 37. Qg3 Qc6 38. Qh4 Qd6+ 39. Qg3 Qd5 40. Rc8 Qf5 41. Rc7 Rxc7 42. Qxc7+ Kh6 43. Kg2 Qe4+ 44. Kg1 Qe1+ 45. Kh2 Qxc3 46. Qxa7 c4 47. Qc5 Qd3 48. Qf8+ Kg5 49. Qc5+ Kf4 50. Kg2 c3 51. a4 c2 52. a5 Qe4+ 53. Kh2 Kf3 54. a6 0-1

[Event "FIDE CB Open 2022"]
[Site "Ceske Budejovice"]
[Date "2022.07.02"]
[Round "2.2"]
[White "Prazak, Daniel"]
[Black "Velicka, Petr"]
[Result "0-1"]
[ECO "B40"]
[WhiteElo "2113"]
[BlackElo "2384"]
[Annotator "TA"]
[PlyCount "130"]
[EventDate "2022.07.01"]
[EventType "swiss"]
[EventCountry "CZE"]
[SourceTitle "playchess.com"]
[Source "ChessBase"]
[SourceQuality "1"]
[TimeControl "40/5400+30:1800+30"]

1. e4 c5 2. Nf3 e6 3. g3 Nc6 4. Bg2 Nf6 5. Qe2 e5 6. O-O {[%emt 0:01:42] B40: Sicilian: 2...e6, Unusual lines.} Be7 7. c3 O-O 8. Na3 {[%emt 0:05:09] The position is equal. 8.Na3 is better than 8.Rd1.} Re8 9. d3 h6 10. Nc4 Bf8 11. Ne3 d5 12. exd5 Nxd5 13. Nxd5 Qxd5 14. Be3 {[%emt 0:02:25] [#]} Bf5 $146 ({Predecessor:} 14... Bg4 15. h3 Bh5 16. g4 Bg6 17. Nd4 Nxd4 18. cxd4 Qd8 19. d5 Qh4 20. Rac1 b6 {0-1 (37) Martin Barcelo,C (2258)-Fantinel,T (2375) Barcelona 2021}) 15. Rfd1 Rad8 {[%emt 0:10:24] [#]} (15... Qd7 $15) 16. Nd4 $2 Nxd4 $2 (16... Qxg2+ $1 $19 17. Kxg2 exd4) 17. cxd4 $11 Qd7 18. dxc5 Bxd3 19. Qd2 e4 20. Qa5 a6 21. Rd2 Qc8 22. Rad1 Be7 23. Bf1 Bxf1 24. Kxf1 Rxd2 25. Rxd2 Rd8 26. Rxd8+ Bxd8 {[%emt 0:00:13][%mdl 4096] Endgame KQB-KQB} 27. Qa4 Qc6 {[%emt 0:05:28] Against Qe8+} 28. Qc2 Qb5+ 29. Kg2 Bf6 30. Qxe4 Bxb2 31. Qf5 Qc6+ 32. f3 g6 33. Qf4 Bg7 34. Qb8+ Kh7 35. Qd6 h5 36. Qe7 Qd5 37. a4 Qe5 (37... Be5 {keeps more tension.} 38. Bf2 Kg7 39. h3 Bc3) 38. Qxe5 Bxe5 {[%emt 0:00:05] KB-KB} 39. f4 Bc7 40. Kf3 f5 41. Ke2 Kg8 42. Kd3 {[%emt 0:00:30] And now Kc4 would win.} Kf7 43. Kc4 {[%emt 0:00:30][%cal Oc5c6] Strongly threatening c6!} Ke6 44. Bd2 Bd8 45. Bc3 h4 46. Be1 (46. gxh4 $1 $11 Bxh4 47. Ba5) 46... h3 $17 47. Bd2 Be7 (47... Bc7 $1 $17) 48. Kd4 (48. Bc1 $11) 48... g5 $2 ({Black should play} 48... Bf6+ $17 49. Kc4 Be7) 49. Kc4 $2 (49. fxg5 $14 {was the only good move.} Bd8 50. Bf4) 49... gxf4 $1 $19 50. gxf4 (50. Bxf4 Bd8 51. Kd4) 50... Bd8 $2 (50... Bh4 51. Be3 Bg3 $1 ) 51. Be1 Bf6 $2 (51... Bc7 $1 $19 52. Bd2 b6) 52. Bf2 $1 $11 Be7 {[%emt 0:04:02] ...Bd8 is the strong threat.} 53. Bg3 $1 Bf8 {[%emt 0:01:31] White must now prevent ...Be7.} 54. Bf2 Bg7 {[%emt 0:00:09] Hoping for ...Bb2.} (54... Be7 $5) 55. Be3 $2 (55. Bd4 $1 $11 {and White is okay.} Bf8 56. Bf2) 55... Bb2 $1 $19 56. Bd2 Bf6 57. Be1 {[%emt 0:00:21] [#] Prevents Bh4.} Bd8 $1 58. Kd4 (58. a5 $142 Bf6 59. c6 bxc6 60. Kc5) 58... Bc7 59. Bd2 {[%emt 0:00:38] [#]} b5 $1 60. axb5 axb5 61. Be3 Ba5 {[%emt 0:00:13] Threatens to win with ...Bd8.} 62. Bf2 Bd2 63. Bg3 Bc1 64. c6 Kd6 {[%emt 0:00:13] ( -> ...Bb2+)} 65. c7 Bb2+ {[%emt 0:00:19] Weighted Error Value: White=0.85/Black=0.30} 0-1

[Event "FIDE CB Open 2022"]
[Site "Ceske Budejovice"]
[Date "2022.07.02"]
[Round "2.3"]
[White "Neuman, Petr"]
[Black "Vltavsky, Vladimir"]
[Result "1-0"]
[ECO "A11"]
[WhiteElo "2378"]
[BlackElo "2106"]
[Annotator "RC"]
[PlyCount "71"]
[EventDate "2022.07.01"]
[EventType "swiss"]
[EventCountry "CZE"]
[SourceTitle "playchess.com"]
[Source "ChessBase"]
[SourceQuality "1"]
[TimeControl "40/5400+30:1800+30"]

1. c4 c6 2. Nf3 Nf6 3. Nc3 d5 4. e3 e6 5. b3 Be7 6. Bb2 Nbd7 7. Qc2 b6 8. d4 Bb7 9. Bd3 Rc8 10. O-O Qc7 11. e4 dxe4 12. Nxe4 c5 13. Rfe1 Nxe4 14. Bxe4 Bxe4 15. Rxe4 Nf6 16. Rh4 cxd4 17. Nxd4 h6 18. Nb5 Qd7 19. Qe2 O-O 20. Rd1 Qb7 21. Nd6 Bxd6 22. Rxd6 Qe7 23. Rd3 Kh7 24. Qc2 g6 25. Qd2 Ng8 26. Rhd4 e5 27. Rd7 Qe6 28. Rxa7 Nf6 29. h3 Ra8 30. Rxa8 Rxa8 31. a4 Ne4 32. Qe3 Nc5 33. Rd5 f6 34. a5 Rxa5 35. b4 Ra2 36. Bc1 1-0

[Event "FIDE CB Open 2022"]
[Site "Ceske Budejovice"]
[Date "2022.07.02"]
[Round "2.4"]
[White "Pirola, Claudionor Alcides L"]
[Black "Simek, Petr"]
[Result "1-0"]
[ECO "B11"]
[WhiteElo "2100"]
[BlackElo "2348"]
[Annotator "RC"]
[PlyCount "95"]
[EventDate "2022.07.01"]
[EventType "swiss"]
[EventCountry "CZE"]
[SourceTitle "playchess.com"]
[Source "ChessBase"]
[SourceQuality "1"]
[TimeControl "40/5400+30:1800+30"]

1. e4 c6 2. Nc3 d5 3. Nf3 Bg4 4. h3 Bxf3 5. Qxf3 e6 6. Be2 Bc5 7. O-O Ne7 8. Rd1 Bd4 9. Bf1 Nd7 10. Ne2 Bb6 11. d4 dxe4 12. Qxe4 Nf6 13. Qf3 Qd5 14. Qa3 Bc7 15. Bf4 Bxf4 16. Nxf4 Qd7 17. Nd3 O-O 18. Ne5 Qc7 19. c4 Rfd8 20. Rac1 Nf5 21. Nf3 Qb6 22. c5 Qc7 23. g4 Ne7 24. Ne5 Ng6 25. Nc4 Qf4 26. Nd6 Ne4 27. Nxe4 Qxe4 28. Qe3 Qf4 29. b4 a6 30. a4 h6 31. Bd3 Qf6 32. Bxg6 Qxg6 33. Rb1 Qc2 34. Qb3 Qe4 35. Qe3 Qc2 36. Qb3 Qe4 37. Qe3 Qd5 38. Qb3 Rd7 39. Qxd5 Rxd5 40. b5 axb5 41. axb5 g5 42. bxc6 bxc6 43. Rb6 Rc8 44. Kg2 Kg7 45. Kf3 f6 46. Kg2 h5 47. gxh5 Kh6 48. Ra1 1-0

[Event "FIDE CB Open 2022"]
[Site "Ceske Budejovice"]
[Date "2022.07.02"]
[Round "2.5"]
[White "Mostbauer, Florian"]
[Black "Laith, Kasib"]
[Result "1-0"]
[ECO "A24"]
[WhiteElo "2303"]
[BlackElo "2079"]
[Annotator "RC"]
[PlyCount "61"]
[EventDate "2022.07.01"]
[EventType "swiss"]
[EventCountry "CZE"]
[SourceTitle "playchess.com"]
[Source "ChessBase"]
[SourceQuality "1"]
[TimeControl "40/5400+30:1800+30"]

1. c4 Nf6 2. g3 g6 3. Bg2 Bg7 4. Nc3 O-O 5. e3 d6 6. Nge2 e5 7. O-O Nbd7 8. h3 Re8 9. d3 a5 10. Rb1 Nc5 11. e4 Nfd7 12. Be3 f5 13. exf5 gxf5 14. d4 Ne6 15. dxe5 dxe5 16. Qd3 Qf6 17. f4 e4 18. Qc2 Ndc5 19. g4 Ra6 20. Nd5 Qf7 21. gxf5 Qxf5 22. Kh2 Rd6 23. Rbd1 Kh8 24. Ng3 Qf7 25. f5 Nd4 26. Rxd4 Be5 27. Rdd1 Nd3 28. Bxe4 Rg8 29. Rxd3 Rxg3 30. Bf4 Bxf4 31. Rxf4 1-0

[Event "FIDE CB Open 2022"]
[Site "Ceske Budejovice"]
[Date "2022.07.02"]
[Round "2.6"]
[White "Hladky, Tadeas"]
[Black "Heimisson, Hilmir Freyr"]
[Result "0-1"]
[ECO "B51"]
[WhiteElo "2095"]
[BlackElo "2281"]
[Annotator "RC"]
[PlyCount "85"]
[EventDate "2022.07.01"]
[EventType "swiss"]
[EventCountry "CZE"]
[SourceTitle "playchess.com"]
[Source "ChessBase"]
[SourceQuality "1"]
[TimeControl "40/5400+30:1800+30"]

1. e4 c5 2. Nf3 d6 3. Bb5+ Nd7 4. d4 cxd4 5. Qxd4 a6 6. Bxd7+ Bxd7 7. O-O e5 8. Qd3 Rc8 9. c4 Qc7 10. b3 b5 11. Nbd2 Nf6 12. Bb2 Be7 13. Rac1 Qb6 14. cxb5 axb5 15. Rxc8+ Bxc8 16. Rc1 O-O 17. h3 Bb7 18. Nh2 Nh5 19. g3 Rd8 20. Nhf1 Bg5 21. h4 Bh6 22. Qc3 g6 23. Qc7 Qxc7 24. Rxc7 Ba8 25. Bc3 Ng7 26. Ba5 Ne6 27. Rc3 Re8 28. Rd3 Bf8 29. f3 Bb7 30. Bb4 Ra8 31. a3 Nd4 32. Ne3 Rc8 33. Kf2 f6 34. Bc3 Nc6 35. Bb2 Kf7 36. Nd5 Ke6 37. Nb6 Rc7 38. Nf1 Bh6 39. Nd5 Rd7 40. Rd1 Ba6 41. b4 Nd4 42. Bc1 f5 43. f4 0-1

[Event "FIDE CB Open 2022"]
[Site "Ceske Budejovice"]
[Date "2022.07.02"]
[Round "2.7"]
[White "Toman, Ondrej"]
[Black "Valantiejus, Vaidotas"]
[Result "1/2-1/2"]
[ECO "D31"]
[WhiteElo "2276"]
[BlackElo "2062"]
[Annotator "RC"]
[PlyCount "86"]
[EventDate "2022.07.01"]
[EventType "swiss"]
[EventCountry "CZE"]
[SourceTitle "playchess.com"]
[Source "ChessBase"]
[SourceQuality "1"]
[TimeControl "40/5400+30:1800+30"]

1. d4 d5 2. c4 e6 3. Nc3 a6 4. cxd5 exd5 5. Bf4 Nf6 6. Nf3 Bd6 7. Be5 c6 8. h3 O-O 9. e3 Qe7 10. Bd3 Nbd7 11. Bxd6 Qxd6 12. O-O Re8 13. Qc2 g6 14. a3 a5 15. Nd2 Nf8 16. Na4 Ne6 17. Nb6 Ra7 18. Nb3 Nd7 19. Nxd7 Bxd7 20. Rac1 b6 21. Rfd1 Ng5 22. Nd2 Qe7 23. Re1 Rc7 24. f4 Ne6 25. Nf3 c5 26. Qf2 Rec8 27. Ne5 Ng7 28. Ba6 Ra8 29. Be2 Rac8 30. Bf3 Be6 31. Qd2 Nf5 32. dxc5 Rxc5 33. e4 dxe4 34. Bxe4 Rxc1 35. Rxc1 Rxc1+ 36. Qxc1 Qd6 37. Bxf5 Bxf5 38. Qe3 Be6 39. Kh1 f6 40. Nf3 Kg7 41. Nd4 Bd7 42. Qe4 Kf7 43. h4 h6 1/2-1/2

[Event "FIDE CB Open 2022"]
[Site "Ceske Budejovice"]
[Date "2022.07.02"]
[Round "2.8"]
[White "Placer, Sebastian"]
[Black "Hrbek, Stepan"]
[Result "0-1"]
[ECO "E15"]
[WhiteElo "2062"]
[BlackElo "2272"]
[Annotator "RC"]
[PlyCount "66"]
[EventDate "2022.07.01"]
[EventType "swiss"]
[EventCountry "CZE"]
[SourceTitle "playchess.com"]
[Source "ChessBase"]
[SourceQuality "1"]
[TimeControl "40/5400+30:1800+30"]

1. d4 Nf6 2. c4 e6 3. Nf3 b6 4. g3 Ba6 5. b3 Bb4+ 6. Bd2 Be7 7. Nc3 d5 8. cxd5 exd5 9. Bg2 O-O 10. O-O Re8 11. Re1 Nbd7 12. Ne5 Bb7 13. Nd3 c5 14. Nf4 cxd4 15. Ncxd5 Nxd5 16. Nxd5 Nc5 17. Nxe7+ Qxe7 18. Bxb7 Qxb7 19. Bb4 Rad8 20. Qc2 Ne6 21. Rad1 a5 22. Ba3 Ng5 23. f3 d3 24. Qd2 dxe2 25. Qxd8 Nxf3+ 26. Kf2 exd1=N+ 27. Rxd1 Qc6 28. Qd5 Qc2+ 29. Kxf3 Qe2+ 30. Kf4 h5 31. Be7 Rxe7 32. Qd8+ Re8 33. Qd7 Qe3+ 0-1

[Event "FIDE CB Open 2022"]
[Site "Ceske Budejovice"]
[Date "2022.07.02"]
[Round "2.9"]
[White "Dotzer, Lukas"]
[Black "Kovalskyi, Roman"]
[Result "0-1"]
[ECO "B36"]
[WhiteElo "2269"]
[BlackElo "2056"]
[Annotator "RC"]
[PlyCount "70"]
[EventDate "2022.07.01"]
[EventType "swiss"]
[EventCountry "CZE"]
[SourceTitle "playchess.com"]
[Source "ChessBase"]
[SourceQuality "1"]
[TimeControl "40/5400+30:1800+30"]

1. e4 c5 2. Nf3 g6 3. d4 cxd4 4. Nxd4 Nc6 5. c4 Nf6 6. Nc3 d6 7. Be2 Nxd4 8. Qxd4 Bg7 9. Be3 O-O 10. Qd2 a5 11. O-O a4 12. Rac1 Qa5 13. f3 Be6 14. Nd5 Qxd2 15. Nxe7+ Kh8 16. Bxd2 Rfe8 17. Nd5 Nxd5 18. cxd5 Bxd5 19. Bb5 Re5 20. Bc3 Bxa2 21. Bxe5 Bxe5 22. Rc2 Bb3 23. Rd2 Ra5 24. Bd3 Bf4 25. Re2 b5 26. g3 Be5 27. Rc1 Be6 28. Rc7 b4 29. Bc4 Rc5 30. Rxc5 dxc5 31. Bd5 c4 32. Rc2 c3 33. bxc3 b3 34. Rb2 Bxc3 35. Rb1 b2 0-1

[Event "FIDE CB Open 2022"]
[Site "Ceske Budejovice"]
[Date "2022.07.02"]
[Round "2.10"]
[White "Simecek, Bohumil"]
[Black "Zeman, Matyas"]
[Result "0-1"]
[ECO "D02"]
[WhiteElo "2059"]
[BlackElo "2262"]
[Annotator "RC"]
[PlyCount "50"]
[EventDate "2022.07.01"]
[EventType "swiss"]
[EventCountry "CZE"]
[SourceTitle "playchess.com"]
[Source "ChessBase"]
[SourceQuality "1"]
[TimeControl "40/5400+30:1800+30"]

1. d4 d5 2. Nf3 Nf6 3. Bf4 c5 4. e3 Nc6 5. c3 Qb6 6. Qb3 c4 7. Qc2 Bf5 8. Qc1 Nh5 9. Nbd2 Nxf4 10. exf4 h6 11. Be2 e6 12. O-O Bd6 13. g3 O-O 14. Bd1 f6 15. Re1 e5 16. b3 exd4 17. bxc4 dxc3 18. Qxc3 Bc5 19. Re2 Nd4 20. Re1 Rfe8 21. Rxe8+ Rxe8 22. Nb3 Nxb3 23. Qxb3 d4 24. Bc2 d3 25. Bxd3 Qxb3 0-1

[Event "FIDE CB Open 2022"]
[Site "Ceske Budejovice"]
[Date "2022.07.02"]
[Round "2.11"]
[White "Maryasin, Boris"]
[Black "Sudrich, Radek"]
[Result "1/2-1/2"]
[ECO "A12"]
[WhiteElo "2260"]
[BlackElo "2049"]
[Annotator "RC"]
[PlyCount "67"]
[EventDate "2022.07.01"]
[EventType "swiss"]
[EventCountry "CZE"]
[SourceTitle "playchess.com"]
[Source "ChessBase"]
[SourceQuality "1"]
[TimeControl "40/5400+30:1800+30"]

1. Nf3 d5 2. b3 Nf6 3. Bb2 c6 4. g3 Bg4 5. Bg2 Nbd7 6. c4 e6 7. h3 Bh5 8. d3 Bd6 9. Nbd2 O-O 10. O-O Qe7 11. e4 Ba3 12. Qc1 Bxb2 13. Qxb2 dxe4 14. dxe4 Bxf3 15. Bxf3 e5 16. b4 c5 17. a3 Rfd8 18. Qc3 Rac8 19. b5 Nf8 20. Nb3 Qc7 21. Rad1 Ne6 22. Bg2 Nd4 23. Qe3 Nxb3 24. Qxb3 Rxd1 25. Rxd1 Rd8 26. Rxd8+ Qxd8 27. Qa4 Qb8 28. Qd1 Kf8 29. Qd2 Ke7 30. Qg5 Kf8 31. f4 h6 32. Qf5 Ke7 33. fxe5 Nd7 34. e6 1/2-1/2

[Event "FIDE CB Open 2022"]
[Site "Ceske Budejovice"]
[Date "2022.07.02"]
[Round "2.12"]
[White "Mrazik, Tomas"]
[Black "Librelato, Kathie Goulart"]
[Result "0-1"]
[ECO "D31"]
[WhiteElo "2055"]
[BlackElo "2255"]
[Annotator "RC"]
[PlyCount "46"]
[EventDate "2022.07.01"]
[EventType "swiss"]
[EventCountry "CZE"]
[SourceTitle "playchess.com"]
[Source "ChessBase"]
[SourceQuality "1"]
[TimeControl "40/5400+30:1800+30"]

1. Nf3 d5 2. c4 e6 3. cxd5 exd5 4. d4 c6 5. Nc3 Bf5 6. Qb3 Qb6 7. Qxb6 axb6 8. Bf4 Nd7 9. Rc1 b5 10. a3 Ngf6 11. e3 b4 12. axb4 Bxb4 13. Nh4 Be6 14. Bd3 Ra2 15. Rb1 Rxb2 16. Rxb2 Bxc3+ 17. Kd1 Bxb2 18. Kc2 Ba3 19. Ra1 Be7 20. Ra8+ Bd8 21. Bc7 Ke7 22. Nf5+ Bxf5 23. Bxf5 Re8 0-1